Map: Triton LE

Players

Has

  • Race: Protoss Protoss
  • Spawn Location: 5:00

Stats - Winner!

  • Race: Protoss Protoss
  • Spawn Location: 11:00

Event: IEM Katowice 2020

VOD

Have the link to the VOD?

Description

Time

  • Played on: Feb. 27, 2020, 6:20 a.m.
  • Length: 3:23

All games in this series

Show
View Real Time Build Order
Export as new Build Order

Has Protoss 

Build Orders: Cannon Rush 

Get SALT Encoding   

  12  0:00  Probe  
  13  0:12  Probe  
  14  0:25  Probe  
  15  0:42  Pylon  
  15  1:00  Gateway  
  15  1:01  Gateway  
  15  1:03  Forge  
  15  1:22  Pylon  
  15  1:25  Pylon  
  15  1:41  Photon Cannon  
  15  1:42  Photon Cannon  
  15  1:46  Zealot (Chrono Boost)  
  17  1:48  Zealot (Chrono Boost)  
  19  1:55  Photon Cannon  
  19  2:06  Pylon  
  21  2:08  Zealot (Chrono Boost)  
  21  2:14  Zealot (Chrono Boost)  
  22  2:27  Zealot  
  22  2:28  Pylon  
  22  2:37  Zealot  
  22  2:42  Pylon  
  22  2:57  Pylon  
  22  2:59  Pylon  
  22  3:05  Probe  
Show
View Real Time Build Order
Export as new Build Order

Stats Protoss - Winner!

Build Orders:  

Get SALT Encoding   

  12  0:00  Probe  
  13  0:13  Probe  
  14  0:17  Pylon  
  14  0:25  Probe (Chrono Boost)  
  15  0:36  Gateway  
  15  0:37  Probe (Chrono Boost)  
  16  0:44  Probe (Chrono Boost)  
  16  0:46  Assimilator  
  17  0:51  Probe  
  17  0:54  Assimilator  
  18  1:03  Probe (Chrono Boost)  
  19  1:07  Gateway  
  19  1:14  Probe (Chrono Boost)  
  20  1:19  Probe (Chrono Boost)  
  20  1:24  Cybernetics Core  
  21  1:30  Zealot  
  23  1:40  Pylon  
  27  2:25  Stalker (Chrono Boost)  
  27  2:32  Stalker  
  27  2:34  Pylon  

Tags
 
Add a new tag
Caveats
  • Supply blocks, unpowered buildings, or Contaminate may cause inaccurate times.
  • Supply counts are checked every 10 seconds.